AA
BLOOMINGTON CARDINALS @ SAN DIEGO DOLPHINS
08/09/2059
 
TOP OF THE 1ST
Bloomington Cardinals batting - Pitching for San Diego Dolphins : RHP Nathan Bostian
Pitching: RHP Nathan Bostian
Batting: RHB Davey Eastman 0-0: Called Strike
0-1: Ball
1-1: Called Strike
1-2: Ball
2-2: Foul Ball, location: 2F
2-2: Foul Ball, location: 2F
2-2: SINGLE (Groundball, 4MS, EV 73.8 MPH) (infield hit)
Batting: LHB Kendall Loflin 0-0: Ball
1-0: Called Strike
1-1: DOUBLE (Flyball, 8RXD, EV 108.8 MPH)
Davey Eastman to third
Batting: RHB Johnny Jackson 0-0: Ground out 5-3 (Groundball, 5L, EV 103.1 MPH)
Batting: SHB Davin Baker 0-0: Foul Ball, location: 2F
0-1: Ball
1-1: Foul Ball, location: 2F
1-2: Foul Ball, location: 2F
1-2: Ball
2-2: Ball
3-2: Foul Ball, location: 2F
3-2: Fly out, F9 (Flyball, 9LSF, EV 93.8 MPH)
Batting: RHB Derrick Shannon 0-0: Called Strike
0-1: Ball
1-1: Fly out, F9 (Flyball, 89S, EV 93.1 MPH)
Top of the 1st over - 0 runs, 2 hits, 0 errors, 2 left on base; Bloomington 0 - San Diego 0
BOTTOM OF THE 1ST
San Diego Dolphins batting - Pitching for Bloomington Cardinals : RHP Austin Bowden
Pitching: RHP Austin Bowden
Batting: RHB John Williams 0-0: Ball
1-0: Ball
2-0: Ball
3-0: Base on Balls
Batting: LHB Furman Auerbach 0-0: Ball
1-0: Ball
2-0: Called Strike
2-1: Ball
Wild Pitch!
John Williams to second
3-1: TRIPLE (Line Drive, 8RXD, EV 109.4 MPH)
John Williams scores
Batting: RHB Gage Haislip 0-0: Ball
1-0: Foul Ball, location: 2F
1-1: Ground out U3 (Groundball, 3, EV 79.4 MPH)
Batting: LHB Randall Darby 0-0: Called Strike
0-1: Ball
1-1: Ball
2-1: Ball
3-1: Ground out 5-3 (Groundball, 5, EV 95.0 MPH)
Batting: LHB Darik Colvin 0-0: Fly out, F8 (Flyball, 8RD, EV 104.4 MPH)
Bottom of the 1st over - 1 run, 1 hit, 0 errors, 1 left on base; Bloomington 0 - San Diego 1
TOP OF THE 2ND
Bloomington Cardinals batting - Pitching for San Diego Dolphins : RHP Nathan Bostian
Batting: SHB Wade Carter 0-0: Foul Ball, location: 2F
0-1: Ball
1-1: Ball
2-1: Called Strike
2-2: Ball
3-2: Strikes out looking
Batting: RHB Kristian Malley 0-0: Called Strike
0-1: Hit by Pitch
Batting: SHB Weston Borron 0-0: Called Strike
0-1: Called Strike
0-2: Ball
1-2: Foul Ball, location: 2F
1-2: Ball
2-2: Strikes out swinging
Batting: RHB Jessie Himes 0-0: Called Strike
0-1: Ball
1-1: Ball
2-1: Called Strike
2-2: SINGLE (Groundball, 34D, EV 100.0 MPH)
Kristian Malley to second
Runner from 2nd tries for 3rd, SAFE, throw by RF made to third
Batting: RHB Davey Eastman 0-0: Called Strike
0-1: Foul Ball, location: 2F
0-2: Ball
1-2: Foul Ball, location: 2F
1-2: Strikes out swinging
Top of the 2nd over - 0 runs, 1 hit, 0 errors, 2 left on base; Bloomington 0 - San Diego 1
BOTTOM OF THE 2ND
San Diego Dolphins batting - Pitching for Bloomington Cardinals : RHP Austin Bowden
Batting: RHB Blake Glover 0-0: SINGLE (Line Drive, 8RS, EV 102.5 MPH)
Batting: RHB James Kerschner 0-0: Swinging Strike
0-1: Ball
1-1: Swinging Strike
1-2: Foul Ball, location: 2F
1-2: Strikes out swinging
Batting: RHB Collin Murphy 0-0: Ball
1-0: Called Strike
1-1: Ball
2-1: Foul Ball, location: 2F
2-2: Ball
3-2: Foul Ball, location: 2F
3-2: Strikes out looking
Batting: RHB Hunter Cooper 0-0: Called Strike
0-1: Ground out 4-3 (Groundball, 4, EV 106.2 MPH)
Bottom of the 2nd over - 0 runs, 1 hit, 0 errors, 1 left on base; Bloomington 0 - San Diego 1
TOP OF THE 3RD
Bloomington Cardinals batting - Pitching for San Diego Dolphins : RHP Nathan Bostian
Batting: LHB Kendall Loflin 0-0: Ball
1-0: Foul Ball, location: 2F
1-1: Ball
2-1: Ground out 1-5-3 (Groundball, 15S, EV 106.2 MPH)
Batting: RHB Johnny Jackson 0-0: Swinging Strike
0-1: Ball
1-1: Ball
2-1: Ball
3-1: Called Strike
3-2: Foul Ball, location: 2F
3-2: SOLO HOME RUN (Flyball, 7D, EV 95.0 MPH), Distance : 372 ft
Batting: SHB Davin Baker 0-0: Fly out, F8 (Flyball, 8RM, EV 92.5 MPH)
Batting: RHB Derrick Shannon 0-0: Ball
1-0: Ball
2-0: Foul Ball, location: 2F
2-1: Swinging Strike
2-2: Foul Ball, location: 2F
2-2: SINGLE (Groundball, 56D, EV 102.5 MPH)
Batting: SHB Wade Carter 0-0: Ball
1-0: Called Strike
1-1: SINGLE (Groundball, 6MD, EV 98.1 MPH)
Derrick Shannon to second
Runner from 2nd tries for 3rd, SAFE, throw by CF made to third
Batting: RHB Kristian Malley 0-0: Called Strike
0-1: Called Strike
0-2: Ground out 5-3 (Groundball, 56S, EV 71.2 MPH)
Top of the 3rd over - 1 run, 3 hits, 0 errors, 2 left on base; Bloomington 1 - San Diego 1
BOTTOM OF THE 3RD
San Diego Dolphins batting - Pitching for Bloomington Cardinals : RHP Austin Bowden
Batting: RHB John Williams 0-0: Called Strike
0-1: Ball
1-1: Swinging Strike
1-2: Fly out, F7 (Line Drive, 7, EV 85.6 MPH)
Batting: LHB Furman Auerbach 0-0: Fly out, F8 (Flyball, 8RS, EV 82.5 MPH)
Batting: RHB Gage Haislip 0-0: Ball
1-0: Ball
2-0: Called Strike
2-1: Ball
3-1: Swinging Strike
3-2: Ground out 5-3 (Groundball, 56, EV 90.6 MPH)
Bottom of the 3rd over - 0 runs, 0 hits, 0 errors, 0 left on base; Bloomington 1 - San Diego 1
TOP OF THE 4TH
Bloomington Cardinals batting - Pitching for San Diego Dolphins : RHP Nathan Bostian
Batting: SHB Weston Borron 0-0: Ball
1-0: Ball
2-0: Ball
3-0: Called Strike
3-1: Fly out, F5 (Popup, 5SF, EV 78.8 MPH)
Batting: RHB Jessie Himes 0-0: TRIPLE (Flyball, 78XD, EV 111.9 MPH)
Batting: RHB Davey Eastman 0-0: Ball
1-0: Foul Ball, location: 2F
1-1: Ball
2-1: SINGLE (Line Drive, 78S, EV 84.4 MPH)
Jessie Himes scores
Batting: LHB Kendall Loflin 0-0: Ball
1-0: Ball
2-0: SINGLE (Groundball, 4MD, EV 96.9 MPH)
Davey Eastman to second
Runner from 2nd tries for 3rd, SAFE, throw by CF made to third
Batting: RHB Johnny Jackson 0-0: Ball
1-0: Ball
2-0: Ball
3-0: Called Strike
3-1: Base on Balls
Kendall Loflin to second
Batting: SHB Davin Baker 0-0: Ball
1-0: SINGLE (Groundball, 4MS, EV 68.1 MPH) (infield hit)
Davey Eastman scores
Kendall Loflin to third
Johnny Jackson to second
Batting: RHB Derrick Shannon 0-0: Called Strike
0-1: Ball
1-1: Ball
2-1: Ball
3-1: Swinging Strike
3-2: Strikes out looking
Batting: SHB Wade Carter 0-0: Ball
1-0: Ball
2-0: Ball
3-0: Called Strike
3-1: Base on Balls
Kendall Loflin scores
Johnny Jackson to third
Davin Baker to second
Pinch Hitting: LHB Garry Castonguay 0-0: Ball
1-0: Fly out, F8 (Flyball, 8RD, EV 86.9 MPH)
Top of the 4th over - 3 runs, 4 hits, 0 errors, 3 left on base; Bloomington 4 - San Diego 1
BOTTOM OF THE 4TH
San Diego Dolphins batting - Pitching for Bloomington Cardinals : RHP Austin Bowden
Now in LF: Bobby Gerety
Batting: LHB Randall Darby 0-0: Called Strike
0-1: Swinging Strike
0-2: Strikes out swinging
Batting: LHB Darik Colvin 0-0: Ball
1-0: Ball
2-0: Called Strike
2-1: Foul Ball, location: 2F
2-2: Foul Ball, location: 2F
2-2: Ball
3-2: Strikes out swinging
Batting: RHB Blake Glover 0-0: Foul Ball, location: 2F
0-1: Ball
1-1: Called Strike
1-2: Fly out, F8 (Flyball, 8LM, EV 76.2 MPH)
Bottom of the 4th over - 0 runs, 0 hits, 0 errors, 0 left on base; Bloomington 4 - San Diego 1
TOP OF THE 5TH
Bloomington Cardinals batting - Pitching for San Diego Dolphins : RHP Nathan Bostian
Batting: SHB Weston Borron 0-0: Called Strike
0-1: DOUBLE (Line Drive, 7LM, EV 88.8 MPH)
Batting: RHB Jessie Himes 0-0: Called Strike
0-1: Called Strike
0-2: Ball
1-2: Ball
2-2: Foul Ball, location: 2F
2-2: Foul Ball, location: 2F
2-2: Ball
3-2: SINGLE (Groundball, 6S, EV 75.0 MPH) (infield hit)
Weston Borron to third
Pitching: LHP Nate Gentry
Batting: RHB Davey Eastman 0-0: Called Strike
0-1: Foul Ball, location: 2F
0-2: Ball
1-2: Ball
2-2: Ball
3-2: Foul Ball, location: 2F
3-2: Strikes out swinging
Batting: LHB Kendall Loflin 0-0: Ball
1-0: Ball
2-0: Ball
3-0: Called Strike
3-1: Grounds into double play, 4-6-3 (Groundball, 4, EV 106.9 MPH)
Top of the 5th over - 0 runs, 2 hits, 0 errors, 1 left on base; Bloomington 4 - San Diego 1
BOTTOM OF THE 5TH
San Diego Dolphins batting - Pitching for Bloomington Cardinals : RHP Austin Bowden
Batting: RHB James Kerschner 0-0: Foul Ball, location: 2F
0-1: SINGLE (Groundball, 56D, EV 101.9 MPH)
Batting: RHB Collin Murphy 0-0: Ground out 6-3 (Groundball, 6MS, EV 78.1 MPH)
James Kerschner to second
Batting: RHB Hunter Cooper 0-0: Ball
1-0: Foul Ball, location: 2F
1-1: Ball
2-1: Fly out, F7 (Line Drive, 78M, EV 86.9 MPH)
Batting: RHB John Williams 0-0: Called Strike
0-1: Ball
1-1: SINGLE (Line Drive, 89S, EV 110.0 MPH)
James Kerschner to third
Runner from 3rd tries for Home, SAFE, throw by RF to home
Batting: LHB Furman Auerbach 0-0: Ball
John Williams steals 2nd base
1-0: Swinging Strike
1-1: Ball
2-1: Foul Ball, location: 2F
2-2: Fly out, F5 (Popup, 56S, EV 82.5 MPH)
Bottom of the 5th over - 1 run, 2 hits, 0 errors, 1 left on base; Bloomington 4 - San Diego 2
TOP OF THE 6TH
Bloomington Cardinals batting - Pitching for San Diego Dolphins : LHP Nate Gentry
Batting: RHB Johnny Jackson 0-0: Foul Ball, location: 2F
0-1: Ball
1-1: Swinging Strike
1-2: Ball
2-2: Ball
3-2: Foul Ball, location: 2F
3-2: Foul Ball, location: 2F
3-2: Strikes out swinging
Batting: SHB Davin Baker 0-0: Called Strike
0-1: Called Strike
0-2: Strikes out looking
Batting: RHB Derrick Shannon 0-0: Ball
1-0: Ground out 1-3 (Groundball, 13S, EV 66.9 MPH)
Top of the 6th over - 0 runs, 0 hits, 0 errors, 0 left on base; Bloomington 4 - San Diego 2
BOTTOM OF THE 6TH
San Diego Dolphins batting - Pitching for Bloomington Cardinals : RHP Austin Bowden
Batting: RHB Gage Haislip 0-0: Called Strike
0-1: Ball
1-1: Fly out, F7 (Flyball, 78M, EV 81.2 MPH)
Batting: LHB Randall Darby 0-0: Ball
1-0: Called Strike
1-1: Called Strike
1-2: Fly out, F9 (Line Drive, 9, EV 88.8 MPH)
Batting: LHB Darik Colvin 0-0: SOLO HOME RUN (Flyball, 9LD, EV 93.1 MPH), Distance : 353 ft
Batting: RHB Blake Glover 0-0: Ball
1-0: Foul Ball, location: 2F
1-1: Foul Ball, location: 2F
1-2: Ball
2-2: Ground out 5-3 (Groundball, 56S, EV 88.8 MPH)
Bottom of the 6th over - 1 run, 1 hit, 0 errors, 0 left on base; Bloomington 4 - San Diego 3
TOP OF THE 7TH
Bloomington Cardinals batting - Pitching for San Diego Dolphins : LHP Nate Gentry
Batting: SHB Wade Carter 0-0: Ball
1-0: Ball
2-0: Called Strike
2-1: Foul Ball, location: 2F
2-2: Fly out, F8 (Flyball, 8RM, EV 83.1 MPH)
Batting: RHB Bobby Gerety 0-0: Called Strike
0-1: Ground out 6-3 (Groundball, 56, EV 90.6 MPH)
Batting: SHB Weston Borron 0-0: Called Strike
0-1: Bunted foul
0-2: Ball
1-2: Ball
2-2: Strikes out swinging
Top of the 7th over - 0 runs, 0 hits, 0 errors, 0 left on base; Bloomington 4 - San Diego 3
BOTTOM OF THE 7TH
San Diego Dolphins batting - Pitching for Bloomington Cardinals : RHP Austin Bowden
Batting: RHB James Kerschner 0-0: Ball
1-0: Called Strike
1-1: Called Strike
1-2: Strikes out swinging
Pitching: LHP Hagen Huerta
Batting: RHB Collin Murphy 0-0: Ball
1-0: Ball
2-0: Foul Ball, location: 2F
2-1: Called Strike
2-2: SINGLE (Line Drive, 78S, EV 106.9 MPH)
Batting: RHB Hunter Cooper 0-0: Grounds into double play, 3-6-3 (Groundball, 3, EV 103.8 MPH)
Bottom of the 7th over - 0 runs, 1 hit, 0 errors, 0 left on base; Bloomington 4 - San Diego 3
TOP OF THE 8TH
Bloomington Cardinals batting - Pitching for San Diego Dolphins : LHP Nate Gentry
Batting: RHB Jessie Himes 0-0: Foul Ball, location: 2F
0-1: Reached on error, E9 (Flyball, 89M, EV 91.2 MPH)
Batting: RHB Davey Eastman 0-0: Ball
Jessie Himes steals 2nd base
1-0: Intentional Walk
Batting: LHB Kendall Loflin 0-0: Ball
1-0: Ball
2-0: Called Strike
2-1: Fly out, F8 (Flyball, 8LD, EV 92.5 MPH)
Runner from 2nd tags up, SAFE at 3rd with throw by CF
Batting: RHB Johnny Jackson 0-0: Called Strike
Davey Eastman is caught stealing 2nd base 2-4
0-1: Ball
1-1: Ball
2-1: SINGLE (Groundball, 6MD, EV 94.4 MPH)
Jessie Himes scores
Batting: SHB Davin Baker 0-0: SINGLE (Line Drive, 89S, EV 108.8 MPH)
Johnny Jackson to second
Batting: RHB Derrick Shannon 0-0: Ball
1-0: Ball
2-0: Ball
3-0: Base on Balls
Johnny Jackson to third
Davin Baker to second
Pitching: LHP Erik Thompson
Batting: SHB Wade Carter 0-0: Ball
1-0: Ball
Wild Pitch!
Johnny Jackson scores
Davin Baker to third
Derrick Shannon to second
2-0: Ball
3-0: Called Strike
3-1: Base on Balls
Batting: RHB Bobby Gerety 0-0: Called Strike
0-1: Called Strike
0-2: Ball
1-2: Strikes out looking
Top of the 8th over - 2 runs, 2 hits, 1 error, 3 left on base; Bloomington 6 - San Diego 3
BOTTOM OF THE 8TH
San Diego Dolphins batting - Pitching for Bloomington Cardinals : LHP Hagen Huerta
Batting: RHB John Williams 0-0: Ground out 5-3 (Groundball, 56, EV 89.4 MPH)
Batting: LHB Furman Auerbach 0-0: Called Strike
0-1: Swinging Strike
0-2: Strikes out swinging
Batting: RHB Gage Haislip 0-0: Ball
1-0: Fly out, F7 (Line Drive, 7LM, EV 94.4 MPH)
Bottom of the 8th over - 0 runs, 0 hits, 0 errors, 0 left on base; Bloomington 6 - San Diego 3
TOP OF THE 9TH
Bloomington Cardinals batting - Pitching for San Diego Dolphins : LHP Erik Thompson
Pitching: LHP Kyle Casey
Batting: SHB Weston Borron 0-0: Foul Ball, location: 2F
0-1: Swinging Strike
0-2: Ball
1-2: Ball
2-2: Ball
3-2: Foul Ball, location: 2F
3-2: Base on Balls
Batting: RHB Jessie Himes 0-0: Ball
1-0: Foul Ball, location: 2F
1-1: Fly out, F9 (Flyball, 9D, EV 101.2 MPH)
Batting: RHB Davey Eastman 0-0: Foul Ball, location: 2F
0-1: Foul Ball, location: 2F
0-2: Ball
1-2: Ball
Weston Borron is caught stealing 2nd base 2-4
2-2: Foul Ball, location: 2F
2-2: Ball
3-2: Foul Ball, location: 2F
3-2: Strikes out swinging
Top of the 9th over - 0 runs, 0 hits, 0 errors, 0 left on base; Bloomington 6 - San Diego 3
BOTTOM OF THE 9TH
San Diego Dolphins batting - Pitching for Bloomington Cardinals : LHP Hagen Huerta
Pitching: RHP Jonathon Wideman
Now at SS: Johnny Bunkley
Batting: LHB Randall Darby 0-0: Ball
1-0: Ball
2-0: Ground out 5-3 (Groundball, 56S, EV 78.8 MPH)
Batting: LHB Darik Colvin 0-0: Ball
1-0: Fly out, F7 (Line Drive, 7, EV 91.2 MPH)
Batting: RHB Blake Glover 0-0: Foul Ball, location: 2F
0-1: Fly out, F8 (Line Drive, 8LM, EV 86.9 MPH)
Bottom of the 9th over - 0 runs, 0 hits, 0 errors, 0 left on base; Bloomington 6 - San Diego 3
Thursday, March 21st , 2024 - OOTP Baseball 23.10 Build 110